 Dungeon Crawl Stone Soup version 0.18-a0-1748-g7377c14 (webtiles) character file.

199 nono the Sneak (level 5, -2/24 HPs)
             Began as a Vine Stalker Enchanter on Apr 12, 2016.
             Was an Initiate of Ashenzari.
             Slain by an ogre
             ... wielding a +0 giant spiked club
              (22 damage)
             ... on level 4 of the Dungeon.
             The game lasted 00:07:42 (2501 turns).

nono the Sneak (Vine Stalker Enchanter)             Turns: 2501, Time: 00:07:43

Health: -2/24      AC:  6    Str: 10    XL:     5   Next: 77%
Magic:  0/11       EV: 12    Int: 16    God:    Ashenzari [......]
Gold:   148        SH:  0    Dex: 15    Spells: 3 memorised, 5 levels left

rFire  . . .     SeeInvis .     a - +1 dagger (curse)
rCold  . . .     Gourm    .     b - +1 robe
rNeg   . . .     Faith    .     (no shield)
rPois  .         Spirit   +     p - +2 helmet
rElec  .         Dismiss  .     (no cloak)
rCorr  .         Reflect  .     (no gloves)
SustAt .         Harm     .     (no boots)
MR     .....                    (no amulet)
Stlth  +++.......               (no ring)
                                (no ring)

@: very slightly contaminated, not resistant to hostile enchantments, fairly
stealthy
A: fangs 2, regeneration 1, magic shield, antimagic bite, no device heal 3, rot
immunity
a: Curse Item, Renounce Religion


You were on level 4 of the Dungeon.
You worshipped Ashenzari.
Ashenzari was noncommittal.
You were hungry.

You visited 1 branch of the dungeon, and saw 4 of its levels.

You collected 148 gold pieces.

Inventory:

Hand Weapons
 a - a cursed +1 dagger (weapon)
Armour
 b - a +1 robe (worn)
 p - a +2 helmet (worn)
Scrolls
 e - 3 scrolls of magic mapping {unknown}
 g - 5 scrolls of remove curse
 h - 2 scrolls of noise {unknown}
 i - 2 scrolls of identify {unknown}
 j - 2 scrolls of blinking {unknown}
 l - a scroll of enchant weapon {unknown}
 o - a scroll of amnesia {unknown}
 u - 3 scrolls of teleportation {unknown}
 v - a scroll of immolation {unknown}
Potions
 f - a potion of cancellation {unknown}
 n - a potion of agility {unknown}
 q - a potion of resistance {unknown}
 r - 2 potions of curing {unknown}
 s - 2 potions of berserk rage {unknown}
Books
 c - a book of Maledictions

   Spells                             Type                      Level
   a - Corona                         Hexes                        1
   b - Ensorcelled Hibernation        Hexes/Ice                    2
   c - Confuse                        Hexes                        3
   d - Tukima's Dance                 Hexes                        3
   e - Dazzling Spray                 Conjuration/Hexes            3
Comestibles
 d - 2 bread rations
 k - 2 beef jerkies
 m - 3 royal jellies
 t - 2 chunks of flesh


   Skills:
 + Level 2.2 Short Blades
 - Level 1.5 Dodging
 + Level 5.0 Stealth
 + Level 3.8 Spellcasting
 + Level 3.9 Hexes


You had 5 spell levels left.
You knew the following spells:

 Your Spells              Type           Power        Failure   Level  Hunger
a - Ensorcelled Hibernat  Hex/Ice        #.....       14%         2    ##.....
b - Corona                Hex            ###....      4%          1    None
c - Confuse               Hex            ###.....     12%         3    ###....


Dungeon Overview and Level Annotations

Branches:
Dungeon (4/15)
 Temple: D:4-7

Altars:
Ashenzari
Kikubaaqudgha
Nemelex Xobeh
Okawaru
Pakellas
Qazlal


Innate Abilities, Weirdness & Mutations

You have extremely sharp teeth.
Your natural rate of healing is unusually fast.
When hurt, damage is shared between your health and your magic reserves.
Your bite disrupts and absorbs the magic of your enemies.
Potions and wands cannot restore your health.
You are immune to rotting.


Message History

Press: ? - help, Shift-Dir - straight line, f/p - hound
Aim: a hound (lightly wounded, chance to defeat MR: 50%)
The hound resists with some effort.
The hound barely misses you. The hound bites you but does no damage.
Casting: Ensorcelled Hibernation
Confirm with . or Enter, or press ? or * to list all spells.
Aiming: Confuse
Press: ? - help, Shift-Dir - straight line, f/p - hound
Aim: a hound (lightly wounded, chance to defeat MR: 54%)
The hound appears confused.
You are feeling hungry.
Casting: Confuse
Confirm with . or Enter, or press ? or * to list all spells.
Aiming: Confuse
Press: ? - help, Shift-Dir - straight line, f/p - hound
Aim: a hound (lightly wounded, confused, chance to defeat MR: 54%)
The ogre resists with some effort.
The hound bites the ogre.
The ogre hits you with a giant spiked club!!
Ouch! That really hurt!
You die...

###.####.#.#.##...
................
................
..................
........####......
##................
#....#.####.....
#.....#.####...[
#.......@O......
#..###..##h#....
... #... # . ..
#..> #.... #....
...... #..


You could see an ogre and a hound (confused).

Vanquished Creatures
  7 gnolls
  6 adders
  An ooze (D:3)
  3 worms
  3 dart slugs
  A giant gecko (D:1)
  2 orcs (D:3)
  5 giant cockroaches
  6 goblins
  4 hobgoblins
  9 bats
  5 giant newts
  9 kobolds
  11 rats
72 creatures vanquished.

Notes
Turn   | Place    | Note
--------------------------------------------------------------
     0 | D:1      | nono the Vine Stalker Enchanter began the quest for the Orb.
     0 | D:1      | Reached XP level 1. HP: 9/9 MP: 4/4
    29 | D:1      | Reached skill level 1 in Short Blades
   175 | D:1      | Reached XP level 2. HP: 13/13 MP: 6/6
   189 | D:1      | Learned a level 2 spell: Ensorcelled Hibernation
   504 | D:1      | Reached skill level 4 in Stealth
   516 | D:1      | Reached XP level 3. HP: 10/16 MP: 8/8
   819 | D:2      | Learned a level 3 spell: Confuse
   917 | D:2      | Found a sparkling altar of Nemelex Xobeh.
   917 | D:2      | Found a stormy altar of Qazlal.
   918 | D:2      | Found a shattered altar of Ashenzari.
   927 | D:2      | Became a worshipper of Ashenzari the Shackled
  1115 | D:2      | Reached XP level 4. HP: 21/21 MP: 1/9
  1894 | D:3      | Reached XP level 5. HP: 18/24 MP: 5/11
  2064 | D:3      | Found an iron altar of Okawaru.
  2064 | D:3      | Found an oddly glowing altar of Pakellas.
  2066 | D:3      | Found an ancient bone altar of Kikubaaqudgha.
  2216 | D:3      | Reached skill level 5 in Stealth
  2494 | D:4      | Noticed an ogre
  2501 | D:4      | Slain by an ogre

Vault maps used:
D:1:      matt_arrival_diagonals, fountainhead, serial_park_tiny_pond,
          minmay_misc_feat_doors
D:2:      gammafunk_temple_overflow_claw
D:3:      grunt_temple_overflow_open, minmay_misc_feat_nine_boxes
D:4:      nicolae_overflow_hidden_temple, minmay_temple_entry_purple_smoke,
          first_bread, kennysheep_nub

Skill      XL: |  1  2  3  4  5 |
---------------+----------------+-----
Short Blades   | 1 2 |  2.2
Stealth        | 4 5 |  5.0
Spellcasting   | 3 |  3.8
Dodging        | |  1.5
Hexes          | |  3.9

Action                   |  1- 3 |  4- 6 || total
-------------------------+-------+-------++-------
Melee: Dagger            |   103 |   127 ||   230
       Bite              |    14 |    32 ||    46
 Cast: Ensorcelled Hiber |     6 |    11 ||    17
       Confuse           |     2 |    12 ||    14
Invok: Curse Item        |     1 |       ||     1
 Stab: Sleeping          |     9 |     9 ||    18
       Confused          |       |     6 ||     6
  Eat: Chunk             |       |     7 ||     7
Armor: Robe              |    30 |    30 ||    60
Dodge: Dodged            |    64 |    68 ||   132
